 Dungeon Crawl Stone Soup version 0.31-a0-1-g4198be8af4 (webtiles) character file.

Game seed: 7902024769953032488

44044 benadryl the Grappler (level 13, -1/136 HPs)
             Began as a Troll Fighter on May 2, 2023.
             Was an Elder of Qazlal.
             Slain by an eight-headed hydra (9 damage)
             ... on level 5 of the Lair of Beasts.
             The game lasted 00:19:50 (12296 turns).

benadryl the Grappler (Troll Fighter)              Turns: 12296, Time: 00:19:51

Health: -1/136     AC:  9    Str: 31    XL:     13   Next: 94%
Magic:  21/21      EV:  9    Int:  4    God:    Qazlal [****..]
Gold:   1091       SH: 33    Dex:  9    Spells: 12/12 levels left

rFire   + .          .
                       - Unarmed
rCold   + . .        F - +18 shield of the Gong {Loud rN+ Will+ rCorr EV-5}
rNeg    + . .        w - +0 troll leather armour
rPois   .            K - +0 hat
rElec   .            u - +2 cloak
rCorr   +            (gloves unavailable)
SInv    .            (boots unavailable)
Will    +....        t - amulet "Pois" {RegenMP rF+ rC+ Stlth-} Stlth
                     q - +5 ring of evasion
HPRegen 2.02/turn    J - ring of resist corrosion
MPRegen 0.57/turn

%: repel missiles
@: lethally poisoned (-1 -> -1)
A: large, unfitting armour, claws 3, regeneration 1, shaggy fur 1, tough skin 1
a: Renounce Religion, Upheaval, Elemental Force


You were on level 5 of the Lair of Beasts.
You worshipped Qazlal.
Qazlal was greatly pleased with you.
You visited 3 branches of the dungeon, and saw 17 of its levels.
You also visited: Bailey.

You collected 1091 gold pieces.

Inventory:

Hand Weapons
 h - a +0 giant spiked club
Missiles
 G - a throwing net
 H - 8 large rocks (quivered)
Armour
 u - a +2 cloak (worn)
 w - a +0 troll leather armour (worn)
 F - the +18 shield of the Gong (worn) {Loud rN+ Will+ rCorr EV-5}
   (You acquired it on level 3 of the Lair of Beasts)

   Loud:      It is deafeningly noisy when blocking attacks.
   EV:        It affects your evasion (-5).
   rN:        It protects you from negative energy.
   rCorr:     It protects you from acid and corrosion.
   Will:      It increases your willpower.
 K - a +0 hat (worn)
Jewellery
 q - a +5 ring of evasion (left claw)
 t - the amulet "Pois" (around neck) {RegenMP rF+ rC+ Stlth-}
   (You found it on level 2 of the Lair of Beasts)

   [amulet of magic regeneration]

   It increases your rate of magic regeneration.
   rF:        It protects you from fire.
   rC:        It protects you from cold.
   Stlth:     It makes you less stealthy.
 J - a ring of resist corrosion (right claw)
Wands
 j - a wand of polymorph (14)
 l - a wand of charming (52)
 y - a wand of flame (38)
 D - a wand of mindburst (3)
Scrolls
 a - 3 scrolls of immolation
 e - a scroll of poison
 f - 4 scrolls of teleportation
 k - 3 scrolls of enchant armour
 o - 2 scrolls of amnesia
 r - 3 scrolls of enchant weapon
 A - a scroll of silence
 E - a scroll of brand weapon
 I - a scroll of fear
Potions
 c - 3 potions of might
 d - 3 potions of lignification
 g - a potion of brilliance
 i - 2 potions of degeneration {unknown}
 m - 3 potions of heal wounds
 n - 2 potions of resistance
 p - 7 potions of ambrosia
 s - a potion of berserk rage
 v - 4 potions of curing {@q1}
 x - a potion of mutation
 z - 3 potions of magic
 B - 3 potions of flight
 M - a potion of attraction {unknown}
Miscellaneous
 C - a phial of floods


   Skills:
 - Level 10.9 Fighting
 - Level 5.0 Throwing
 - Level 2.4 Dodging
 - Level 7.3 Shields
 + Level 12.5 Unarmed Combat
 - Level 12.4 Invocations


You had 12 spell levels left.
You didn't know any spells.
Your spell library contained the following spells:

 Spells                   Type           Power      Damage    Failure   Level
 Sting                    Tmut/Pois      0%         1d3       71%         1
 Summon Small Mammal      Summ           0%         N/A       71%         1
 Ensorcelled Hibernation  Hex/Ice        0%         N/A       85%         2
 Poisonous Vapours        Pois/Air       0%         N/A       85%         2
 Call Canine Familiar     Summ           0%         N/A       97%         3
 Frozen Ramparts          Ice            0%         1d1       97%         3
 Gell's Gravitas          Tloc           0%         N/A       97%         3
 Spider Form              Tmut/Pois      0%         N/A       97%         3
 Summon Guardian Golem    Hex/Summ       0%         N/A       97%         3
 Teleport Other           Tloc           0%         N/A       97%         3
 Vhi's Electric Charge    Tloc/Air       0%         N/A       97%         3
 Anguish                  Hex/Necr       0%         N/A       100%        4
 Ice Form                 Ice/Tmut       0%         N/A       100%        4
 Iskenderun's Mystic Bla  Conj/Tloc      0%         2d3       100%        4
 Olgreb's Toxic Radiance  Pois           0%         N/A       100%        4
 Petrify                  Tmut/Erth      0%         N/A       100%        4
 Summon Ice Beast         Ice/Summ       0%         N/A       100%        4
 Arcjolt                  Conj/Air       0%         1d10      100%        5
 Metabolic Englaciation   Hex/Ice        0%         N/A       100%        5
 Statue Form              Tmut/Erth      0%         N/A       100%        6
 Orb of Destruction       Conj           0%         9d5       100%        7
 Spellforged Servitor     Conj/Summ      0%         N/A       100%        7
 Maxwell's Capacitive Co  Air            0%         ∞         100%        8


Dungeon Overview and Level Annotations

Branches:
Dungeon (12/15)            Temple (1/1) D:6            Lair (5/5) D:11
  Swamp (0/4) Lair:3        Snake (0/4) Lair:3        Slime (0/5) Lair:4
    Orc (0/2) D:12         Bailey (visited)

Altars:
Ashenzari
Cheibriados
Dithmenos
Elyvilon
Fedhas
Gozag
Hepliaklqana
Kikubaaqudgha
Makhleb
Nemelex Xobeh
Okawaru
Qazlal
Ru
Sif Muna
Trog
Uskayaw
Vehumet
Wu Jian
Xom
Yredelemnul
Zin
The Shining One
Jiyva

Shops:
D:1 [

Annotations:
D:3 3 runed translucent doors, qeuew's ghost, amateur MiFi
Lair:2 exclusion: 4 oklob plants
Lair:3 1 runed translucent door, bande's ghost, journeyman GrFi
Lair:4 2 runed translucent doors


Innate Abilities, Weirdness & Mutations

You are too large for most types of armour.
You have claws for hands.
Your natural rate of healing is unusually fast.
You are covered in fur. (AC +1)
You have tough skin. (AC +1)


Message History

The eight-headed hydra bites you! The eight-headed hydra misses you.
The eight-headed hydra bites you! The yak gores you but does no damage.
The yak is engulfed in freezing vapours.
The yak closely misses you. You block the black mamba's attack.
PTOANNNG!
You block the eight-headed hydra's attack.
SHROANNG!
The eight-headed hydra bites you! The eight-headed hydra bites you.
The eight-headed hydra bites you but does no damage.
The eight-headed hydra bites you. The eight-headed hydra bites you!
The eight-headed hydra closely misses you.
The eight-headed hydra barely misses you.
The yak gores you!
* * * LOW HITPOINT WARNING * * *
The yak gores you.
* * * LOW HITPOINT WARNING * * *
You block the yak's attack.
BOUMMMMG!
You hear a howl!
You hear an angry growl.
You hear a bleat! x2
You hear a howl!
You hear a bleat!
You hear an angry hiss.
You hear a bark!
You hear an angry growl. x2; You hear a howl!
You hear a bark!
You hear a howl!
You hear an angry hiss.
You hear an angry growl.
You hear a bellow! x2
Throw: 9 large rocks
Press: ? - help, Q - select action, (/) - cycle Shift-Dir - straight line, f/p - eight-headed hydra
Aim: an eight-headed hydra (almost dead, 80% to hit)
You throw a large rock.
The large rock barely misses the eight-headed hydra.
You feel very sick. You block the black mamba's attack.
BONNNG!
You block the eight-headed hydra's attack.
GONNNNG!
The eight-headed hydra bites you but does no damage.
The eight-headed hydra bites you!
* * * LOW HITPOINT WARNING * * *
You block the eight-headed hydra's attack.
SHROANNG!
The eight-headed hydra bites you!
* * * LOW HITPOINT WARNING * * *
The eight-headed hydra bites you!
You die...

...##
.....P#####
............##
......).....P
...........#
...##.#.°.#
#....YYY##
###(...D@Y#
.####....†☼SY°#
P...........§.#
........†#.####
.......†.###
..#..#....##
#........#
........†...#
..............#


You could see an eight-headed hydra, a black mamba (slow) and 5 yaks.

Vanquished Creatures
  Nessos (Lair:3)
  Fannar (D:11)
  2 hydras (Lair:4)
  A ghost crab (Lair:3)
  2 boulder beetles
  2 two-headed ogres
  3 death yaks (Lair:3)
  2 skysharks
  Nergalle (D:11)
  A deep elf pyromancer (D:12)
  An oklob plant (D:11)
  2 manticores (Lair:2)
  3 cyclopes
  5 black mambas
  A gargoyle (Bailey)
  3 rime drakes
  6 cane toads
  An unseen horror (D:12)
  2 komodo dragons
  2 trolls
  A queen bee (Lair:2)
  4 blink frogs
  2 spectral dream sheep (Lair:3)
  A spectral elephant (Lair:3)
  A spectral black mamba (Lair:3)
  3 shadows
  15 yaks
  A vampire (Bailey)
  A wraith (D:10)
  7 wyverns
  Eustachio (D:4)
  4 basilisks (Lair:2)
  6 vampire mosquitoes
  2 steam dragons (Lair:2)
  A spectral cane toad (Lair:3)
  A warg (D:12)
  3 nagas (Lair:3)
  An acid dragon (D:11)
  12 water moccasins
  An ice beast (D:8)
  2 orc warriors
  5 black bears
  8 wolves
  A centaur (D:7)
  A phantom (D:6)
  4 bullfrogs
  4 scorpions
  34 killer bees
  6 vampire bats (Bailey)
  9 wolf zombies (Bailey)
  6 howler monkeys
  A jelly (D:7)
  3 hounds
  3 orc priests
  3 sleepcaps
  6 iguanas
  6 orc wizards
  5 hell rats (Lair:3)
  5 adders
  3 shadow imps
  A white imp (D:6)
  2 ufetubi (D:6)
  4 worms
  2 dart slugs
  20 orcs
  8 ball pythons
  4 bats
  11 endoplasms
  3 giant cockroaches
  8 goblins
  5 hobgoblins
  11 quokkas
  3 frilled lizards
  6 kobolds
  24 orc zombies (Bailey)
  5 rats
342 creatures vanquished.

Vanquished Creatures (others)
  A swamp drake (Lair:5)
  5 killer bees (Lair:2)
  11 fungi
  62 plants
79 creatures vanquished.

Grand Total: 421 creatures vanquished

Notes
Turn   | Place    | Note
-------+----------+-------------------------------------------
     0 | D:1      | benadryl the Troll Fighter began the quest for the Orb.
     0 | D:1      | Reached XP level 1. HP: 22/22 MP: 0/0
     7 | D:1      | Found Xalobi's Armour Emporium.
   182 | D:1      | Reached XP level 2. HP: 29/29 MP: 1/1
   920 | D:2      | Reached XP level 3. HP: 36/36 MP: 2/2
  1413 | D:3      | Reached XP level 4. HP: 44/44 MP: 3/3
  1757 | D:3      | Found a runed translucent gate.
  1757 | D:3      | Found a runed translucent gate.
  1758 | D:3      | Found a runed translucent gate.
  1760 | D:3      | Noticed qeuew's ghost (amateur MiFi)
  1815 | D:3      | Reached skill level 5 in Unarmed Combat
  1832 | D:3      | Found a sparkling altar of Nemelex Xobeh.
  2079 | D:4      | Reached XP level 5. HP: 47/50 MP: 4/4
  2225 | D:4      | Noticed Eustachio
  2239 | D:4      | Killed Eustachio
  2240 | D:4      | Reached XP level 6. HP: 59/59 MP: 5/5
  2744 | D:5      | Entered Level 5 of the Dungeon
  2836 | D:5      | Reached XP level 7. HP: 41/66 MP: 6/6
  3728 | D:6      | Noticed a two-headed ogre
  3738 | D:6      | Killed a two-headed ogre
  3739 | D:6      | Reached skill level 10 in Unarmed Combat
  3739 | D:6      | Reached XP level 8. HP: 41/74 MP: 7/7
  3811 | D:6      | Found a staircase to the Ecumenical Temple.
  3886 | Temple   | Entered the Ecumenical Temple
  3886 | Temple   | Found a transporter.
  3886 | Temple   | Found a transporter.
  3888 | Temple   | Found a transporter.
  3888 | Temple   | Found a transporter.
  4134 | Temple   | Became a worshipper of Qazlal Stormbringer
  4395 | D:6      | Reached skill level 5 in Shields
  4451 | D:6      | Found a white marble altar of Elyvilon.
  4733 | D:7      | Found an iron altar of Okawaru.
  4824 | D:7      | Reached XP level 9. HP: 69/80 MP: 8/8
  4849 | D:7      | Reached * piety under Qazlal
  5298 | D:8      | You fall into a shaft and drop 2 floors!
  5298 | D:10     | Entered Level 10 of the Dungeon
  5384 | D:10     | Noticed a troll
  5423 | D:10     | Killed a troll
  5460 | D:10     | Reached skill level 5 in Fighting
  5472 | D:10     | Found a flagged portal.
  5501 | Bailey   | Entered a bailey
  5556 | Bailey   | Reached ** piety under Qazlal
  5682 | Bailey   | Reached skill level 1 in Invocations
  5771 | Bailey   | Noticed a gargoyle
  5779 | Bailey   | Killed a gargoyle
  5780 | Bailey   | Reached XP level 10. HP: 77/96 MP: 12/12
  5813 | Bailey   | Reached skill level 5 in Invocations
  5823 | Bailey   | Identified the staff of cold "Atyar" {rC+ MP+9 Str+2}
  6060 | D:10     | Reached *** piety under Qazlal
  6485 | D:11     | Found a sacrificial altar of Ru.
  6555 | D:11     | Noticed an oklob plant
  6556 | D:11     | Found a staircase to the Lair.
  6560 | D:11     | Noticed a two-headed ogre
  6566 | D:11     | Killed an oklob plant
  6570 | D:11     | Killed a two-headed ogre
  6830 | D:11     | Noticed Nergalle
  6847 | D:11     | Killed Nergalle
  6874 | D:11     | Found Gykkiuts's Antique Armour Shoppe.
  6925 | D:11     | Noticed a cyclops
  6932 | D:11     | Killed a cyclops
  6933 | D:11     | Reached XP level 11. HP: 104/104 MP: 17/17
  7036 | D:11     | Noticed Fannar
  7057 | D:11     | Killed Fannar
  7058 | D:11     | Reached skill level 10 in Invocations
  7392 | D:12     | Noticed a boulder beetle
  7547 | D:12     | Noticed a deep elf pyromancer
  7564 | D:12     | Killed a deep elf pyromancer
  7567 | D:12     | Killed a boulder beetle
  7964 | D:12     | Found a staircase to the Orcish Mines.
  8074 | D:12     | Identified the +4 dagger "Ejavaj" {elec, Fly rF- SInv
                  | Stlth+}
  8340 | D:12     | Reached skill level 1 in Throwing
  8522 | Lair:1   | Entered Level 1 of the Lair of Beasts
  8589 | Lair:1   | You fall into a shaft and drop 1 floor!
  8669 | Lair:1   | Noticed a boulder beetle
  8682 | Lair:1   | Killed a boulder beetle
  8683 | Lair:1   | Reached skill level 5 in Throwing
  9246 | Lair:2   | Noticed a skyshark
  9263 | Lair:2   | Killed a skyshark
  9450 | Lair:2   | Reached XP level 12. HP: 102/122 MP: 18/18
  9546 | Lair:2   | Reached **** piety under Qazlal
  9570 | Lair:2   | HP: 5/123 [basilisk (3)]
  9736 | Lair:1   | Reached XP level 13. HP: 131/131 MP: 18/21
 10092 | Lair:2   | Reached skill level 10 in Fighting
 10162 | Lair:2   | Identified the amulet "Pois" {RegenMP rF+ rC+ Stlth-}
 10491 | Lair:3   | Reached ***** piety under Qazlal
 10532 | Lair:3   | Found a runed translucent door.
 10532 | Lair:3   | Found a shimmering altar of Xom.
 10532 | Lair:3   | Noticed bande's ghost (journeyman GrFi)
 10534 | Lair:3   | Identified the +7 long sword of Equilibrium {chaos, rF+
                  | Dex+4 SInv}
 10578 | Lair:3   | Noticed Nessos
 10591 | Lair:3   | Killed Nessos
 10597 | Lair:3   | Found a staircase to the Snake Pit.
 11024 | Lair:3   | Found a staircase to the Swamp.
 11099 | Lair:3   | Identified a scroll of acquirement
 11100 | Lair:3   | Acquired the +18 shield of the Gong {Loud rN+ Will+ rCorr
                  | EV-5}
 11100 | Lair:3   | Found the +18 shield of the Gong {Loud rN+ Will+ rCorr
                  | EV-5}
 11157 | Lair:3   | Identified the +4 sling of Propriety {speed, rElec Dex+2
                  | SInv}
 11677 | Lair:4   | Found a runed translucent door.
 11678 | Lair:4   | Found a viscous altar of Jiyva.
 11681 | Lair:4   | Found a staircase to the Slime Pits.
 11742 | Lair:4   | Found a runed translucent door.
 11805 | Lair:4   | Identified the +9 war axe of Irksome Conscience {pain,
                  | Drain rElec rPois rCorr}
 12021 | Lair:4   | Got Nileyd's Cyclopedia of Impulse and Topology
 12257 | Lair:5   | Entered Level 5 of the Lair of Beasts
 12296 | Lair:5   | Slain by an eight-headed hydra

Illustrated notes

Levels and vault maps discovered:
D:1:      lightli_arrival_chessboard, layout_loops_corners, serial_shops,
          nicolae_shop_advertising_works [nicolae_subvault_shop_adworks]
D:2:      layout_loops_ring
D:3:      layout_basic, lemuel_coloured_pillars_altar,
          gammafunk_ghost_necromancy, minivault_14, kennysheep_generic_room_15
D:4:      layout_basic, uniq_eustachio
D:5:      layout_cave_pods
D:6:      layout_loops_cross, mainiacjoe_overflow_six_doors_small,
          minmay_temple_entry_fiery
D:7:      layout_basic, okawaru_gym_becter
D:8:      minmay_the_grid_plus_closed [minmay_the_grid_holed_spiral,
          minmay_the_grid_tiny_cups, minmay_the_grid_paths,
          minmay_the_grid_doors, minmay_the_grid_prize_four_corners_diamond_a],
          layout_cave_pools, uniq_amaemon
D:10:     layout_basic, enter_bailey_5, chequers_serial_rivers_room_a,
          grunt_ministairs_9, corexii_hall_statues_x
D:11:     layout_basic, dpeg_oklobed_lair, serial_shops, shop,
          nicolae_ru_awakened_eye, uniq_nergalle, uniq_fannar
D:12:     layout_loops_cross, david_orc_3
Temple:   hellmonk_temple_divided_pantheon
Lair:1:   layout_cave_shapes, infiniplex_staircase_pool_2, grunt_megastairs_5
Lair:2:   hangedman_what_comes_after_a, layout_small_grid
Lair:3:   layout_regular_city, nicolae_swamp_entry_spooky,
          minmay_snake_entry_guardpost_small, ebering_ghost_xom,
          chequers_serial_rivers_large_a, nicolae_lair_grazing_beasts
          [nicolae_sub_lair_graze_edge, nicolae_sub_lair_graze_edge,
          nicolae_sub_lair_graze_edge, nicolae_sub_lair_graze_edge],
          infiniplex_staircase_pool, uniq_nessos
Lair:4:   layout_misc_corridors, slime_entry_2, pf_torpor_hydra
Lair:5:   guppyfry_lair_end_dragon, layout_small_grid,
          hangedman_lair_caniforms_friends

Skill      XL: |  1  2  3  4  5  6  7  8  9 10 11 12 13 |
---------------+----------------------------------------+-----
Unarmed Combat | 3 4 5 6 7 10 12 | 12.5
Shields        | 4 6 7 |  7.3
Fighting       | 5 8 9 10 | 10.9
Invocations    | 4 9 10 12 | 12.4
Throwing       | 5 |  5.0
Dodging        | |  2.4

Action                     |  1- 3 |  4- 6 |  7- 9 | 10-12 | 13-15 || total
---------------------------+-------+-------+-------+-------+-------++-------
  Melee: Unarmed           |    91 |   119 |   263 |   381 |   335 ||  1189
  Throw: Large rock        |       |       |       |     5 |    10 ||    15
 Invoke: Upheaval          |       |       |       |     2 |     3 ||     5
         Disaster Area     |       |       |       |       |     1 ||     1
  Evoke: Wand              |       |       |     1 |     2 |       ||     3
    Use: Scroll            |       |     1 |    10 |    10 |     7 ||    28
         Potion            |       |     1 |       |     7 |       ||     8
   Stab: Sleeping          |     1 |     1 |       |       |       ||     2
         Distracted        |       |     1 |       |       |       ||     1
 Armour: Robe              |    24 |    26 |    33 |       |       ||    83
         Troll leather arm |       |       |    22 |    96 |    56 ||   174
  Dodge: Dodged            |    23 |    41 |   108 |   231 |   178 ||   581
         Repelled          |       |       |       |       |     5 ||     5
  Block: Kite shield       |    27 |    37 |   158 |   328 |   381 ||   931

Table legend: (Time is in decaauts)
 A = Elapsed time spent in this place.
 B = Non-inter-level travel time spent in this place.
 C = Inter-level travel time spent in this place.
 D = Time resting spent in this place.
 E = Time spent auto-exploring this place.
 F = Levels seen in this place.
 G = Mean time per level.
                   A        B        C        D        E       F      G
               +--------+--------+--------+--------+--------+-----+--------+
         Total |  12226 |  11695 |    531 |   1423 |   7686 |  18 |  679.2 |
       Dungeon |   7781 |   7379 |    402 |    581 |   5470 |  11 |  707.4 |
        Temple |    264 |    254 |     10 |    200 |      0 |   1 |  264.0 |
          Lair |   3731 |   3614 |    117 |    528 |   2116 |   5 |  746.2 |
        Bailey |    448 |    448 |      0 |    114 |    100 |   1 |  448.0 |
               +--------+--------+--------+--------+--------+-----+--------+

Top non-repeatable levels by time:
    D:11: 1376 daAuts
  Lair:2: 1099 daAuts
  Lair:3: 1044 daAuts
     D:6: 861 daAuts
  Lair:1: 835 daAuts
     D:5: 823 daAuts
     D:1: 821 daAuts
    D:10: 718 daAuts
  Lair:4: 713 daAuts
     D:4: 679 daAuts
    D:12: 662 daAuts
     D:3: 656 daAuts
     D:2: 591 daAuts
     D:7: 561 daAuts
  Bailey: 448 daAuts
